 Dungeon Crawl Stone Soup version 0.27-a0-1105-g946c659c87 (webtiles) character file.

Game seed: 5908801921983854115

143 siradein the Slasher (level 5, -3/38 HPs)
             Began as a Vampire Gladiator on Apr 30, 2021.
             Killed from afar by an orc wizard (7 damage)
             ... with a magic dart
             ... on level 4 of the Dungeon.
             The game lasted 00:03:57 (2129 turns).

siradein the Slasher (Vampire Gladiator)            Turns: 2129, Time: 00:03:58

Health: -3/38      AC: 10    Str: 13    XL:     5   Next: 4%
Magic:  5/5        EV: 11    Int: 10    God:
Gold:   97         SH:  0    Dex: 17    Spells: 4/4 levels left

rFire    . . .     SeeInvis +   a - +0 long sword
rCold    . . .     Faith    .   (no shield)
rNeg     . . .     Spirit   .   i - +0 ring mail
rPois    .         Reflect  .   c - +0 helmet
rElec    .         Harm     .   (no cloak)
rCorr    .         Rampage  .   (no gloves)
Will     .....                  (no boots)
Stlth    ..........             (no amulet)
HPRegen  0.32/turn              b - +4 ring of protection
MPRegen  0.09/turn              (no ring)

@: confused, healing quickly
A: alive, fangs 3, see invisible, unbreathing 1, vampiric 2
a: Exsanguinate


You were on level 4 of the Dungeon.
You visited 1 branch of the dungeon, and saw 4 of its levels.

You collected 97 gold pieces.

Inventory:

Hand Weapons
 a - a +0 long sword (weapon)
Missiles
 d - 3 throwing nets (quivered)
 e - 33 sling bullets
 l - 53 stones
Armour
 c - a +0 helmet (worn)
 i - a +0 ring mail (worn)
Jewellery
 b - a +4 ring of protection (left hand)
Scrolls
 f - 2 scrolls of identify {unknown}
 g - 2 scrolls of immolation {unknown}
 m - a scroll of holy word {unknown}
 n - a scroll of teleportation {unknown}
 o - a scroll of fear {unknown}
Potions
 h - a potion of lignification {unknown}
 j - a potion of ambrosia {unknown}
 k - 2 potions of haste {unknown}
 p - a potion of heal wounds {unknown}


   Skills:
 - Level 1.7 Fighting
 + Level 5.8 Long Blades
 - Level 1.5 Throwing
 - Level 3.2 Dodging


You had 4 spell levels left.
You didn't know any spells.
Your spell library contained the following spells:

 Spells                   Type           Power      Damage    Failure   Level
 Animate Skeleton         Necr           0%         N/A       63%         1
 Pain                     Necr           0%         1d4       63%         1
 Vampiric Draining        Necr           0%         2d6       94%         3
 Animate Dead             Necr           0%         N/A       100%        4
 Agony                    Necr           0%         N/A       100%        5


Dungeon Overview and Level Annotations

Branches:
Dungeon (4/15)
 Temple: D:4-7

Altars:
Nemelex Xobeh

Shops:
D:1 *

Annotations:
D:3 Grinder, Sigmund


Innate Abilities, Weirdness & Mutations

Your natural rate of healing is accelerated.
You have razor-sharp teeth.
You have supernaturally acute eyesight. (SInv)
You can survive without breathing.
You are afflicted with vampirism and can become a bat while bloodless.


Message History

You are confused.
The orc barely misses you.
The orc wizard hits you but does no damage.
You're too confused to move!
The orc wizard misses you. The orc hits you with a +0 war axe.
The orc wizard barely misses you.
You barely miss the orc.
The orc is lightly wounded.
The orc wizard points at you and mumbles some strange words.
You are more confused.
The orc hits you but does no damage.
The orc wizard hits you with a +0 dagger.
You hit the orc wizard but do no damage.
The orc wizard is moderately wounded.
The orc wizard hits you but does no damage.
The orc barely misses you.
The orc priest calls down the wrath of Beogh upon you.
Beogh smites you!
The orc wizard hits you with a +0 dagger.
* * * LOW HITPOINT WARNING * * *
The orc wizard hits you but does no damage.
The orc hits you with a +0 war axe.
* * * LOW HITPOINT WARNING * * *
The orc wizard hits you with a +0 dagger.
* * * LOW HITPOINT WARNING * * *
The orc priest barely misses you. The orc priest misses you.
You hit the orc priest.
The orc priest is moderately wounded.
The orc wizard casts a spell at you.
The magic dart hits you but does no damage.
The orc misses you.
The orc wizard hits you but does no damage.
The orc priest barely misses you. x2
The orc wizard barely misses you. The orc hits you with a +0 war axe.
* * * LOW HITPOINT WARNING * * *
The orc wizard barely misses you.
Unknown command.
You're too confused to move!
The orc wizard gestures at you while chanting.
The magic dart hits you!
You die...

............#
............#
.....##.†...#
###+####.....#
.............#
#............#
########.....#
##.....#
#...@o.#
#..ooo##
##..o.# #......
..........
..............
./.............
###############


You could see 2 orc priests, 2 orc wizards and an orc.

Vanquished Creatures
  A centaur (D:3)
  An adder (D:4)
  2 worms (D:2)
  A dart slug (D:1)
  4 bats
  An endoplasm (D:1)
  2 giant cockroaches
  3 goblins
  2 hobgoblins (D:1)
  6 kobolds
  3 quokkas (D:1)
  8 ball pythons
  7 frilled lizards
  5 rats
46 creatures vanquished.

Notes
Turn   | Place    | Note
-------+----------+-------------------------------------------
     0 | D:1      | siradein the Vampire Gladiator began the quest for the Orb.
     0 | D:1      | Reached XP level 1. HP: 16/16 MP: 1/1
   167 | D:1      | Reached XP level 2. HP: 14/22 MP: 2/2
   240 | D:1      | Found a faded altar of an unknown god.
   453 | D:1      | Reached skill level 4 in Long Blades
   607 | D:1      | Found Icweoshro's General Store.
   793 | D:1      | Gained mutation: You are afflicted with vampirism and can
                  | become a bat while bloodless. [Vampire growth]
   793 | D:1      | Reached XP level 3. HP: 24/27 MP: 3/3
   879 | D:1      | Found a sparkling altar of Nemelex Xobeh.
  1149 | D:2      | Found a sparkling altar of Nemelex Xobeh.
  1684 | D:3      | Noticed Grinder
  1684 | D:3      | Paralysed by Grinder for 3 turns
  1700 | D:3      | Noticed a centaur
  1836 | D:3      | Killed a centaur
  1837 | D:3      | Reached skill level 5 in Long Blades
  1837 | D:3      | Reached XP level 4. HP: 16/33 MP: 4/4
  1932 | D:3      | Noticed Sigmund
  2097 | D:4      | Reached XP level 5. HP: 35/38 MP: 5/5
  2129 | D:4      | Killed from afar by an orc wizard

Illustrated notes

Levels and vault maps discovered:
D:1:      dpeg_arrival_lava_altar, layout_loops_ring,
          shapermc_ecumenical_altar_totnotflames, serial_shops, shop
D:2:      layout_loops_cross, basic_altar
D:3:      layout_rooms, uniq_natasha, uniq_sigmund, uniq_grinder
D:4:      layout_gridville

Skill      XL: |  1  2  3 |
---------------+----------+-----
Long Blades    | 4 5 |  5.8
Fighting       | |  1.7
Throwing       | |  1.5
Dodging        | |  3.2

Action                   |  1- 3 |  4- 6 || total
-------------------------+-------+-------++-------
Melee: Long sword        |   102 |    14 ||   116
       Bite              |    21 |     3 ||    24
 Stab: Sleeping          |     2 |       ||     2
Armor: Leather armour    |    13 |       ||    13
       Ring mail         |    37 |    12 ||    49
Dodge: Dodged            |    73 |    17 ||    90
       Rpst.: Long sword |    20 |     2 ||    22

Table legend: (Time is in decaauts)
 A = Elapsed time spent in this place.
 B = Non-inter-level travel time spent in this place.
 C = Inter-level travel time spent in this place.
 D = Time resting spent in this place.
 E = Time spent auto-exploring this place.
 F = Levels seen in this place.
 G = Mean time per level.
                   A        B        C        D        E       F      G
               +--------+--------+--------+--------+--------+-----+--------+
         Total |   2155 |   2079 |     76 |    155 |   1456 |   4 |  538.8 |
       Dungeon |   2155 |   2079 |     76 |    155 |   1456 |   4 |  538.8 |
               +--------+--------+--------+--------+--------+-----+--------+

Top non-repeatable levels by time:
     D:2: 987 daAuts
     D:1: 934 daAuts
     D:4: 132 daAuts
     D:3: 101 daAuts
